MapleLeafs vs Sharks

Created - 11 mars 2018 at 20:06

Goals
1 2 3 OT1 T
MapleLeafs 2 1 1 0 4
Sharks 2 1 1 1 5
Shots
1 2 3 OT1 T
MapleLeafs 10 5 9 3 27
Sharks 9 8 10 6 33

1st period

1. Sharks , Marc Staal 6 (Sean Couturier 31, Patrick Maroon 11) at 0:34
2. MapleLeafs , Beau Bennett 11 (Mikkel Boedker 11, Karl Alzner 25) at 3:06 (PP)
3. Sharks , Brenden Dillon 1 (Sam Reinhart 20, Patrick Maroon 12) at 12:24
4. MapleLeafs , Nazem Kadri 28 (Jason Chimera 4, Zach Bogosian 10) at 13:51

Penalties :
Matt Martin (SJS) for Holding (Minor) at 1:22, Seth Jones (SJS) for Tripping (Minor) at 3:12, Beau Bennett (TOR) for Interference (Minor) at 8:42, Patrick Maroon (SJS) for Goalie Interference (Minor) at 19:12

2nd period

5. MapleLeafs , Jason Demers 4 (Adam Erne 4, Al Montoya) at 6:44 (PP)
6. Sharks , Sam Reinhart 15 (Marc Staal 9, Sean Couturier 32) at 19:59

Penalties :
Mikko Rantanen (SJS) for High sticking (Minor) at 5:25, Tom Wilson (SJS) for Hooking (Minor) at 15:50

3rd period

7. Sharks , Anze Kopitar 20 (Chris Tanev 23, Mikko Rantanen 18) at 9:54
8. MapleLeafs , Beau Bennett 12 (Ivan Barbashev 1, Cody Franson 14) at 18:17

Penalties :
Esa Lindell (SJS) for Hooking (Minor) at 0:47, Tom Wilson (SJS) for Hooking (Minor) at 4:57, Tanner Glass (TOR) for Roughing (Minor) at 10:25, Seth Jones (SJS) for Interference (Minor) at 15:08

Overtime #1

9. Sharks , Patrick Maroon 10 (Mikko Rantanen 19, Marc Staal 10) at 3:35

Penalties :
No Penalty

Goalie Stats

Al Montoya (TOR), 28 saves from 33 shots - (0.848), OTL, 2-6-2, 63:36 minutes
Semyon Varlamov (SJS), 23 saves from 27 shots - (0.852), W, 16-19-4, 63:36 minutes

Players Stats for MapleLeafs

Player Name              G  A  P  +/- PIM S  H  SB GA TA FO     MP     PP MP  PK MP  
------------------------------------------------------------------------------------
Adam Erne                0  1  1  -1  0   1  0  0  0  0  0/1     2:59   1:09   1:24 
Beau Bennett             2  0  2  -1  2   4  1  0  0  0  0/1    17:17   6:02   0:00 
Cody Franson             0  1  1  -1  0   0  1  0  0  0  0/0    13:50   0:00   0:40 
Curtis Lazar             0  0  0  -1  0   0  0  0  0  0  0/0     6:56   0:00   0:00 
Dmitry Kulikov           0  0  0  -1  0   0  0  0  0  0  0/0    13:39   0:00   0:29 
Freddie Hamilton         0  0  0  -1  0   0  0  0  0  0  2/9     8:48   0:00   1:52 
Frederick Gaudreau       0  0  0   1  0   1  0  0  0  0  0/0    16:43   7:46   0:00 
Ivan Barbashev           0  1  1  -1  0   2  2  0  0  0  9/26   19:24   6:02   0:58 
Jason Chimera            0  1  1   0  0   0  3  0  0  0  1/1    19:38   7:46   1:14 
Jason Demers             1  0  1   0  0   3  1  2  0  0  0/0    25:23   8:57   1:21 
Karl Alzner              0  1  1  -1  0   2  2  0  0  0  0/0    25:52   8:57   1:32 
Marek Hrivik             0  0  0  -1  0   0  0  0  0  0  0/0    14:15   0:19   0:00 
Mikkel Boedker           0  1  1  -1  0   6  2  0  0  0  1/2    20:29   6:52   0:58 
Nazem Kadri              1  0  1   0  0   5  1  0  0  0  7/20   26:17   7:46   1:08 
Peter Holland            0  0  0  -1  0   1  0  0  0  0  8/19   15:37   1:09   0:00 
Tanner Glass             0  0  0  -1  2   1  1  1  0  0  0/0    14:49   0:00   0:22 
Travis Hamonic           0  0  0  -1  0   0  0  2  0  0  0/0    22:42   6:00   1:57 
Zach Bogosian            0  1  1  -1  0   1  3  2  0  0  0/0    22:10   6:00   1:57 

Players Stats for Sharks

Player Name              G  A  P  +/- PIM S  H  SB GA TA FO     MP     PP MP  PK MP  
------------------------------------------------------------------------------------
Anze Kopitar             1  0  1   0  0   4  0  0  0  0  18/26  21:03   2:03   1:21 
Brenden Dillon           1  0  1   0  0   1  1  0  0  0  0/0    19:11   0:51   6:54 
Charlie Coyle            0  0  0   0  0   2  1  0  0  0  3/4    17:30   1:40   4:51 
Chris Tanev              0  1  1   2  0   2  2  2  0  0  0/0    23:27   1:55   6:53 
Esa Lindell              0  0  0   0  2   0  3  0  0  0  0/0    18:06   1:02   0:43 
Marc Staal               1  2  3   3  0   1  3  1  0  0  0/0    20:56   0:53   7:03 
Mark Pysyk               0  0  0   0  0   1  1  2  0  0  0/0    18:19   0:00   6:19 
Matt Martin              0  0  0   0  2   2  2  0  0  0  1/1     9:47   0:00   5:30 
Michael Chaput           0  0  0   0  0   2  0  0  0  0  0/0     4:18   0:00   0:00 
Mikhail Grigorenko       0  0  0   0  0   1  1  0  0  0  9/18   13:16   1:25   7:42 
Mikko Rantanen           0  2  2   1  2   1  1  0  0  0  1/1    16:52   1:12   0:00 
Nick Bjugstad            0  0  0   0  0   2  0  0  0  0  7/10    9:25   0:15   0:00 
Patrick Maroon           1  2  3   3  2   3  1  0  0  0  0/0    16:56   1:55   2:25 
Sam Reinhart             1  1  2   2  0   4  0  0  0  0  0/0    15:22   1:55   0:00 
Sean Couturier           0  2  2   2  0   3  0  0  0  0  12/18  18:24   1:29   3:12 
Seth Jones               0  0  0   0  4   0  1  0  0  0  0/0    22:09   2:03   1:49 
Tom Wilson               0  0  0   0  4   1  1  0  0  0  0/0    14:05   0:00   5:06 
Travis Konecny           0  0  0   0  0   3  2  0  0  0  0/1    16:37   1:12   0:00 

3 Stars

1 - Marc Staal (SJS)
2 - Patrick Maroon (SJS)
3 - Sam Reinhart (SJS)

Power Play

MapleLeafs - 2 on 8 Attempt(s) - 25.00%
Sharks - 0 on 2 Attempt(s) - 0.00%

Penalty Kill

MapleLeafs - 2 on 2 Attempt(s) - 100.00% - Score 0 goal in Penalty Kill
Sharks - 6 on 8 Attempt(s) - 75.00% - Score 0 goal in Penalty Kill

Team Stat

MapleLeafs - Hits : 17 - Faceoff Wins : 28 - Blocked Shots : 7 - Penalty Minutes : 4
Sharks - Hits : 20 - Faceoff Wins : 51 - Blocked Shots : 5 - Penalty Minutes : 16

Official

Referees : Jean Hebert and Francis Charron
Linesman : Michel Cormier and Brian Mach

Game Notes

No Game Note

Finance

Level 1 -- Attendance: 6500 (100.00%) -- Ticket Income 682 500 $
Level 2 -- Attendance: 5000 (100.00%) -- Ticket Income 350 000 $
Level 3 -- Attendance: 3373 (96.37%) -- Ticket Income 172 023 $
Level 4 -- Attendance: 1562 (100.00%) -- Ticket Income 54 670 $
Luxury Box -- Attendance: 876 (87.60%) -- Ticket Income 175 200 $
Game was played at the SAP center.
Total Attendance: 17311 (98.57%)
Total Ticket Income: 1 434 393 $
Other Income: 215 159 $
Total Income: 1 649 552 $

% Time on Ice - MapleLeafs

Lines # - Real PCT - Wanted PCT - Time Play
Normal Forward
1 - 22% - 40% - 8:57
2 - 27% - 30% - 11:16
3 - 34% - 20% - 13:56
4 - 17% - 10% - 6:56
Normal Defense
1 - 33% - 40% - 13:42
2 - 35% - 30% - 14:13
3 - 32% - 20% - 13:10
4 - 0% - 10% - 0:00
PP Forward
1 - 54% - 60% - 8:05
2 - 46% - 40% - 6:52
PP Defense
1 - 60% - 60% - 8:57
2 - 40% - 40% - 6:00
PK Forward
1 - 76% - 60% - 3:00
2 - 24% - 40% - 0:58
PK Defense
1 - 51% - 60% - 2:01
2 - 49% - 40% - 1:57
PK3 Forward
1 - 0% - 60%
2 - 0% - 40%
PK3 Defense
1 - 0% - 60%
2 - 0% - 40%
44 Forward
1 - 0% - 60%
2 - 0% - 40%
44 Defense
1 - 0% - 60%
2 - 0% - 40%
Last Minute Offensive  - 0:00
Last Minute Defensive  - 0:00
Total
Forward - 60:00
Defense - 60:00

% Time on Ice - Sharks

Lines # - Real PCT - Wanted PCT - Time Play
Normal Forward
1 - 38% - 38% - 15:25
2 - 30% - 30% - 12:21
3 - 22% - 22% - 9:01
4 - 10% - 10% - 4:18
Normal Defense
1 - 40% - 38% - 16:21
2 - 31% - 34% - 12:44
3 - 29% - 28% - 12:00
4 - 0% - 0% - 0:00
PP Forward
1 - 52% - 65% - 2:03
2 - 48% - 35% - 1:55
PP Defense
1 - 52% - 70% - 2:03
2 - 48% - 30% - 1:55
PK Forward
1 - 68% - 60% - 10:06
2 - 32% - 40% - 4:51
PK Defense
1 - 53% - 60% - 7:55
2 - 47% - 40% - 7:02
PK3 Forward
1 - 0% - 50%
2 - 0% - 50%
PK3 Defense
1 - 0% - 70%
2 - 0% - 30%
44 Forward
1 - 0% - 50%
2 - 0% - 50%
44 Defense
1 - 0% - 50%
2 - 0% - 50%
Last Minute Offensive  - 0:00
Last Minute Defensive  - 0:00
Total
Forward - 60:00
Defense - 60:00

Play by Play

1st period


0:01 of 1st period - Nazem Kadri wins face-off versus Anze Kopitar in neutral zone.
0:06 of 1st period - Shot by Jason Chimera.
0:06 of 1st period - Deflect By Nazem Kadri.
0:06 of 1st period - Stopped by Semyon Varlamov without a rebound.
0:07 of 1st period - Sean Couturier wins face-off versus Ivan Barbashev in Sharks zone.
0:07 of 1st period - Sean Couturier is hit by Mikkel Boedker.
0:20 of 1st period - Icing by Chris Tanev.
0:21 of 1st period - Sean Couturier wins face-off versus Peter Holland in Sharks zone.
0:32 of 1st period - Shot by Patrick Maroon.
0:32 of 1st period - Deflect By Sean Couturier.
0:32 of 1st period - Shot Misses the Net.
0:34 of 1st period - Shot by Marc Staal.
0:34 of 1st period - Goal by Marc Staal - MapleLeafs : 0 - Sharks : 1.
0:35 of 1st period - Nick Bjugstad wins face-off versus Nazem Kadri in neutral zone.
0:42 of 1st period - Shot by Charlie Coyle.
0:42 of 1st period - Shot Misses the Net.
0:45 of 1st period - Icing by Karl Alzner.
0:46 of 1st period - Anze Kopitar wins face-off versus Nazem Kadri in MapleLeafs zone.
1:10 of 1st period - Shot by Travis Konecny.
1:10 of 1st period - Stopped by Al Montoya without a rebound.
1:11 of 1st period - Ivan Barbashev wins face-off versus Mikhail Grigorenko in MapleLeafs zone.
1:11 of 1st period - Ivan Barbashev is hit by Matt Martin.
1:22 of 1st period - Minor Penalty to Matt Martin for Holding.
1:23 of 1st period - Ivan Barbashev wins face-off versus Mikhail Grigorenko in Sharks zone.
1:54 of 1st period - Chris Tanev is hit by Ivan Barbashev and loses puck.
2:47 of 1st period - Shot by Jason Demers.
2:47 of 1st period - Shot Misses the Net.
3:02 of 1st period - Shot by Mikkel Boedker.
3:02 of 1st period - Stopped by Semyon Varlamov with a rebound.
3:04 of 1st period - Shot by Karl Alzner.
3:04 of 1st period - Shot Misses the Net.
3:06 of 1st period - Shot by Mikkel Boedker.
3:06 of 1st period - Deflect By Beau Bennett.
3:06 of 1st period - Goal by Beau Bennett - MapleLeafs : 1 - Sharks : 1.
3:07 of 1st period - Peter Holland wins face-off versus Anze Kopitar in neutral zone.
3:12 of 1st period - Minor Penalty to Seth Jones for Tripping.
3:13 of 1st period - Mikhail Grigorenko wins face-off versus Nazem Kadri in Sharks zone.
4:00 of 1st period - Shot by Mikkel Boedker.
4:00 of 1st period - Stopped by Semyon Varlamov without a rebound.
4:01 of 1st period - Charlie Coyle wins face-off versus Adam Erne in Sharks zone.
6:17 of 1st period - Shot by Sean Couturier.
6:17 of 1st period - Deflect By Patrick Maroon.
6:17 of 1st period - Shot Misses the Net.
6:19 of 1st period - Shot by Sean Couturier.
6:19 of 1st period - Stopped by Al Montoya with a rebound.
7:14 of 1st period - Mark Pysyk is hit by Beau Bennett and loses puck.
7:31 of 1st period - Shot by Mikkel Boedker.
7:31 of 1st period - Stopped by Semyon Varlamov without a rebound.
7:32 of 1st period - Anze Kopitar wins face-off versus Nazem Kadri in Sharks zone.
7:47 of 1st period - Seth Jones is hit by Jason Chimera and loses puck.
8:42 of 1st period - Minor Penalty to Beau Bennett for Interference.
8:43 of 1st period - Freddie Hamilton wins face-off versus Charlie Coyle in MapleLeafs zone.
9:58 of 1st period - Seth Jones is hit by Cody Franson and loses puck.
10:15 of 1st period - Seth Jones is hit by Ivan Barbashev and loses puck.
10:42 of 1st period - Shot by Nick Bjugstad.
10:42 of 1st period - Stopped by Al Montoya without a rebound.
10:43 of 1st period - Nick Bjugstad wins face-off versus Peter Holland in MapleLeafs zone.
10:48 of 1st period - Shot by Michael Chaput.
10:48 of 1st period - Stopped by Al Montoya with a rebound.
10:50 of 1st period - Shot by Michael Chaput.
10:50 of 1st period - Deflect By Matt Martin.
10:50 of 1st period - Stopped by Al Montoya without a rebound.
10:51 of 1st period - Peter Holland wins face-off versus Mikhail Grigorenko in MapleLeafs zone.
10:51 of 1st period - Peter Holland is hit by Matt Martin.
11:03 of 1st period - Shot by Marek Hrivik.
11:03 of 1st period - Shot Misses the Net.
11:38 of 1st period - Cody Franson is hit by Esa Lindell and loses puck.
12:12 of 1st period - Icing by Mark Pysyk.
12:13 of 1st period - Sean Couturier wins face-off versus Ivan Barbashev in Sharks zone.
12:22 of 1st period - Shot by Patrick Maroon.
12:22 of 1st period - Deflect By Sam Reinhart.
12:22 of 1st period - Shot Misses the Net.
12:24 of 1st period - Shot by Brenden Dillon.
12:24 of 1st period - Goal by Brenden Dillon - MapleLeafs : 1 - Sharks : 2.
12:25 of 1st period - Anze Kopitar wins face-off versus Freddie Hamilton in neutral zone.
12:31 of 1st period - Icing by Travis Hamonic.
12:32 of 1st period - Anze Kopitar wins face-off versus Freddie Hamilton in MapleLeafs zone.
12:35 of 1st period - Shot by Mikko Rantanen.
12:35 of 1st period - Shot Misses the Net.
12:51 of 1st period - Shot by Anze Kopitar.
12:51 of 1st period - Shot Misses the Net.
13:02 of 1st period - Icing by Chris Tanev.
13:03 of 1st period - Ivan Barbashev wins face-off versus Travis Konecny in Sharks zone.
13:04 of 1st period - Shot by Beau Bennett.
13:04 of 1st period - Stopped by Semyon Varlamov without a rebound.
13:05 of 1st period - Sean Couturier wins face-off versus Ivan Barbashev in Sharks zone.
13:39 of 1st period - Shot by Ivan Barbashev.
13:39 of 1st period - Stopped by Semyon Varlamov without a rebound.
13:40 of 1st period - Nazem Kadri wins face-off versus Anze Kopitar in Sharks zone.
13:43 of 1st period - Shot by Jason Chimera.
13:43 of 1st period - Shot Blocked by Mark Pysyk.
13:51 of 1st period - Shot by Nazem Kadri.
13:51 of 1st period - Goal by Nazem Kadri - MapleLeafs : 2 - Sharks : 2.
13:52 of 1st period - Nick Bjugstad wins face-off versus Peter Holland in neutral zone.
14:12 of 1st period - Shot by Peter Holland.
14:12 of 1st period - Shot Hit the Post.
14:14 of 1st period - Shot by Dmitry Kulikov.
14:14 of 1st period - Shot Misses the Net.
14:42 of 1st period - Tom Wilson is hit by Jason Chimera and loses puck.
14:52 of 1st period - Jason Chimera is hit by Marc Staal and loses puck.
15:00 of 1st period - Jason Chimera is hit by Chris Tanev and loses puck.
15:03 of 1st period - Shot by Karl Alzner.
15:03 of 1st period - Shot Misses the Net.
15:17 of 1st period - Shot by Beau Bennett.
15:17 of 1st period - Stopped by Semyon Varlamov without a rebound.
15:18 of 1st period - Ivan Barbashev wins face-off versus Sean Couturier in Sharks zone.
15:23 of 1st period - Shot by Mikkel Boedker.
15:23 of 1st period - Stopped by Semyon Varlamov without a rebound.
15:24 of 1st period - Anze Kopitar wins face-off versus Beau Bennett in Sharks zone.
16:43 of 1st period - Shot by Sean Couturier.
16:43 of 1st period - Stopped by Al Montoya with a rebound.
17:30 of 1st period - Shot by Michael Chaput.
17:30 of 1st period - Stopped by Al Montoya without a rebound.
17:31 of 1st period - Peter Holland wins face-off versus Nick Bjugstad in MapleLeafs zone.
17:31 of 1st period - Peter Holland is hit by Tom Wilson.
18:13 of 1st period - Icing by Seth Jones.
18:14 of 1st period - Nick Bjugstad wins face-off versus Ivan Barbashev in Sharks zone.
18:29 of 1st period - Icing by Travis Hamonic.
18:30 of 1st period - Anze Kopitar wins face-off versus Ivan Barbashev in MapleLeafs zone.
18:49 of 1st period - Shot by Mikko Rantanen.
18:49 of 1st period - Shot Misses the Net.
19:07 of 1st period - Shot by Anze Kopitar.
19:07 of 1st period - Shot Misses the Net.
19:12 of 1st period - Minor Penalty to Patrick Maroon for Goalie Interference.
19:13 of 1st period - Mikhail Grigorenko wins face-off versus Nazem Kadri in Sharks zone.
19:13 of 1st period - Mikhail Grigorenko is hit by Jason Chimera.
19:20 of 1st period - Icing by Nazem Kadri.
19:21 of 1st period - Jason Chimera wins face-off versus Mikhail Grigorenko in MapleLeafs zone.
19:56 of 1st period - Chris Tanev is hit by Nazem Kadri and loses puck.
Goals for this period are 2 for MapleLeafs vs 2 for Sharks.
Shots for this period are 10 for MapleLeafs vs 9 for Sharks.

2nd period


0:01 of 2nd period - Mikhail Grigorenko wins face-off versus Nazem Kadri in neutral zone.
0:42 of 2nd period - Shot by Chris Tanev.
0:42 of 2nd period - Shot Misses the Net.
1:13 of 2nd period - Jason Demers is hit by Esa Lindell and loses puck.
1:37 of 2nd period - Beau Bennett is hit by Seth Jones and loses puck.
2:24 of 2nd period - Peter Holland is hit by Chris Tanev and loses puck.
2:37 of 2nd period - Shot by Adam Erne.
2:37 of 2nd period - Stopped by Semyon Varlamov without a rebound.
2:38 of 2nd period - Nick Bjugstad wins face-off versus Freddie Hamilton in Sharks zone.
2:43 of 2nd period - Shot by Mark Pysyk.
2:43 of 2nd period - Stopped by Al Montoya without a rebound.
2:44 of 2nd period - Mikhail Grigorenko wins face-off versus Ivan Barbashev in MapleLeafs zone.
3:53 of 2nd period - Shot by Nick Bjugstad.
3:53 of 2nd period - Stopped by Al Montoya without a rebound.
3:54 of 2nd period - Anze Kopitar wins face-off versus Nazem Kadri in MapleLeafs zone.
4:00 of 2nd period - Travis Konecny is hit by Zach Bogosian and loses puck.
4:03 of 2nd period - Shot by Mikko Rantanen.
4:03 of 2nd period - Stopped by Al Montoya without a rebound.
4:04 of 2nd period - Sean Couturier wins face-off versus Peter Holland in MapleLeafs zone.
4:07 of 2nd period - Shot by Patrick Maroon.
4:07 of 2nd period - Stopped by Al Montoya without a rebound.
4:08 of 2nd period - Nazem Kadri wins face-off versus Sean Couturier in MapleLeafs zone.
4:55 of 2nd period - Nazem Kadri is hit by Travis Konecny and loses puck.
5:02 of 2nd period - Icing by Esa Lindell.
5:03 of 2nd period - Anze Kopitar wins face-off versus Peter Holland in Sharks zone.
5:25 of 2nd period - Minor Penalty to Mikko Rantanen for High sticking.
5:26 of 2nd period - Ivan Barbashev wins face-off versus Mikhail Grigorenko in Sharks zone.
5:26 of 2nd period - Ivan Barbashev is hit by Marc Staal.
5:31 of 2nd period - Beau Bennett is hit by Mark Pysyk and loses puck.
5:42 of 2nd period - Shot by Karl Alzner.
5:42 of 2nd period - Shot Blocked by Chris Tanev.
6:44 of 2nd period - Shot by Jason Demers.
6:44 of 2nd period - Goal by Jason Demers - MapleLeafs : 3 - Sharks : 2.
6:45 of 2nd period - Anze Kopitar wins face-off versus Peter Holland in neutral zone.
7:02 of 2nd period - Shot by Peter Holland.
7:02 of 2nd period - Shot Misses the Net.
7:20 of 2nd period - Dmitry Kulikov is hit by Mikko Rantanen and loses puck.
7:45 of 2nd period - Shot by Patrick Maroon.
7:45 of 2nd period - Shot Misses the Net.
7:58 of 2nd period - Shot by Nazem Kadri.
7:58 of 2nd period - Stopped by Semyon Varlamov with a rebound.
9:19 of 2nd period - Icing by Mark Pysyk.
9:20 of 2nd period - Peter Holland wins face-off versus Sean Couturier in Sharks zone.
9:25 of 2nd period - Shot by Dmitry Kulikov.
9:25 of 2nd period - Shot Blocked by Mark Pysyk.
10:18 of 2nd period - Icing by Zach Bogosian.
10:19 of 2nd period - Nick Bjugstad wins face-off versus Freddie Hamilton in MapleLeafs zone.
10:24 of 2nd period - Shot by Charlie Coyle.
10:24 of 2nd period - Shot Blocked by Travis Hamonic.
10:52 of 2nd period - Shot by Seth Jones.
10:52 of 2nd period - Shot Misses the Net.
11:21 of 2nd period - Off-side.
11:22 of 2nd period - Mikhail Grigorenko wins face-off versus Peter Holland in neutral zone.
11:52 of 2nd period - Shot by Chris Tanev.
11:52 of 2nd period - Shot Misses the Net.
12:06 of 2nd period - Shot by Travis Konecny.
12:06 of 2nd period - Stopped by Al Montoya without a rebound.
12:07 of 2nd period - Anze Kopitar wins face-off versus Mikkel Boedker in MapleLeafs zone.
12:14 of 2nd period - Shot by Travis Konecny.
12:14 of 2nd period - Shot Misses the Net.
14:14 of 2nd period - Shot by Patrick Maroon.
14:14 of 2nd period - Stopped by Al Montoya without a rebound.
14:15 of 2nd period - Nick Bjugstad wins face-off versus Ivan Barbashev in MapleLeafs zone.
14:15 of 2nd period - Charlie Coyle is hit by Jason Demers and loses puck.
14:30 of 2nd period - Shot by Karl Alzner.
14:30 of 2nd period - Stopped by Semyon Varlamov without a rebound.
14:31 of 2nd period - Matt Martin wins face-off versus Ivan Barbashev in Sharks zone.
14:43 of 2nd period - Shot by Matt Martin.
14:43 of 2nd period - Stopped by Al Montoya without a rebound.
14:44 of 2nd period - Sean Couturier wins face-off versus Freddie Hamilton in MapleLeafs zone.
14:44 of 2nd period - Patrick Maroon is hit by Zach Bogosian and loses puck.
15:47 of 2nd period - Icing by Karl Alzner.
15:48 of 2nd period - Ivan Barbashev wins face-off versus Nick Bjugstad in MapleLeafs zone.
15:50 of 2nd period - Minor Penalty to Tom Wilson for Hooking.
15:51 of 2nd period - Mikkel Boedker wins face-off versus Mikhail Grigorenko in Sharks zone.
17:10 of 2nd period - Shot by Frederick Gaudreau.
17:10 of 2nd period - Stopped by Semyon Varlamov with a rebound.
17:36 of 2nd period - Marek Hrivik is hit by Mikhail Grigorenko and loses puck.
17:50 of 2nd period - Icing by Peter Holland.
17:51 of 2nd period - Anze Kopitar wins face-off versus Peter Holland in MapleLeafs zone.
18:07 of 2nd period - Shot by Anze Kopitar.
18:07 of 2nd period - Shot Misses the Net.
19:08 of 2nd period - Nazem Kadri is hit by Brenden Dillon and loses puck.
19:45 of 2nd period - Chris Tanev is hit by Mikkel Boedker and loses puck.
19:59 of 2nd period - Shot by Sam Reinhart.
19:59 of 2nd period - Goal by Sam Reinhart - MapleLeafs : 3 - Sharks : 3.
Goals for this period are 1 for MapleLeafs vs 1 for Sharks.
Shots for this period are 5 for MapleLeafs vs 8 for Sharks.

3rd period


0:01 of 3rd period - Anze Kopitar wins face-off versus Nazem Kadri in neutral zone.
0:05 of 3rd period - Chris Tanev is hit by Karl Alzner and loses puck.
0:17 of 3rd period - Travis Konecny is hit by Karl Alzner and loses puck.
0:28 of 3rd period - Shot by Travis Konecny.
0:28 of 3rd period - Stopped by Al Montoya without a rebound.
0:29 of 3rd period - Sean Couturier wins face-off versus Ivan Barbashev in MapleLeafs zone.
0:44 of 3rd period - Shot by Mikkel Boedker.
0:44 of 3rd period - Stopped by Semyon Varlamov with a rebound.
0:47 of 3rd period - Minor Penalty to Esa Lindell for Hooking.
0:48 of 3rd period - Nazem Kadri wins face-off versus Mikhail Grigorenko in Sharks zone.
0:53 of 3rd period - Shot by Nazem Kadri.
0:53 of 3rd period - Deflect By Frederick Gaudreau.
0:53 of 3rd period - Shot Misses the Net.
1:01 of 3rd period - Shot by Jason Demers.
1:01 of 3rd period - Stopped by Semyon Varlamov without a rebound.
1:02 of 3rd period - Ivan Barbashev wins face-off versus Mikhail Grigorenko in Sharks zone.
2:08 of 3rd period - Shot by Jason Demers.
2:08 of 3rd period - Shot Misses the Net.
2:10 of 3rd period - Shot by Jason Demers.
2:10 of 3rd period - Shot Hit the Post.
3:00 of 3rd period - Shot by Peter Holland.
3:00 of 3rd period - Stopped by Semyon Varlamov without a rebound.
3:01 of 3rd period - Sean Couturier wins face-off versus Freddie Hamilton in Sharks zone.
3:15 of 3rd period - Shot by Sam Reinhart.
3:15 of 3rd period - Shot Misses the Net.
3:17 of 3rd period - Shot by Sean Couturier.
3:17 of 3rd period - Shot Misses the Net.
3:23 of 3rd period - Shot by Sam Reinhart.
3:23 of 3rd period - Stopped by Al Montoya without a rebound.
3:24 of 3rd period - Peter Holland wins face-off versus Anze Kopitar in MapleLeafs zone.
3:29 of 3rd period - Esa Lindell is hit by Tanner Glass.
3:39 of 3rd period - Shot by Anze Kopitar.
3:39 of 3rd period - Shot Misses the Net.
3:41 of 3rd period - Shot by Travis Konecny.
3:41 of 3rd period - Shot Misses the Net.
3:57 of 3rd period - Shot by Anze Kopitar.
3:57 of 3rd period - Shot Misses the Net.
4:08 of 3rd period - Icing by Tanner Glass.
4:09 of 3rd period - Peter Holland wins face-off versus Sean Couturier in MapleLeafs zone.
4:20 of 3rd period - Shot by Sam Reinhart.
4:20 of 3rd period - Shot Misses the Net.
4:22 of 3rd period - Shot by Sam Reinhart.
4:22 of 3rd period - Shot Misses the Net.
4:57 of 3rd period - Minor Penalty to Tom Wilson for Hooking.
4:58 of 3rd period - Mikhail Grigorenko wins face-off versus Ivan Barbashev in Sharks zone.
5:21 of 3rd period - Shot by Mikkel Boedker.
5:21 of 3rd period - Stopped by Semyon Varlamov without a rebound.
5:22 of 3rd period - Mikhail Grigorenko wins face-off versus Nazem Kadri in Sharks zone.
5:47 of 3rd period - Shot by Travis Hamonic.
5:47 of 3rd period - Shot Misses the Net.
5:49 of 3rd period - Shot by Zach Bogosian.
5:49 of 3rd period - Stopped by Semyon Varlamov without a rebound.
5:50 of 3rd period - Anze Kopitar wins face-off versus Ivan Barbashev in Sharks zone.
7:18 of 3rd period - Shot by Charlie Coyle.
7:18 of 3rd period - Stopped by Al Montoya without a rebound.
7:19 of 3rd period - Anze Kopitar wins face-off versus Peter Holland in MapleLeafs zone.
7:20 of 3rd period - Shot by Mikko Rantanen.
7:20 of 3rd period - Shot Misses the Net.
7:22 of 3rd period - Shot by Marc Staal.
7:22 of 3rd period - Shot Misses the Net.
7:54 of 3rd period - Marek Hrivik is hit by Travis Konecny and loses puck.
9:08 of 3rd period - Shot by Michael Chaput.
9:08 of 3rd period - Shot Blocked by Jason Demers.
9:28 of 3rd period - Shot by Ivan Barbashev.
9:28 of 3rd period - Shot Misses the Net.
9:34 of 3rd period - Shot by Sam Reinhart.
9:34 of 3rd period - Shot Misses the Net.
9:36 of 3rd period - Shot by Sam Reinhart.
9:36 of 3rd period - Stopped by Al Montoya without a rebound.
9:37 of 3rd period - Anze Kopitar wins face-off versus Freddie Hamilton in MapleLeafs zone.
9:50 of 3rd period - Shot by Mikko Rantanen.
9:50 of 3rd period - Shot Misses the Net.
9:52 of 3rd period - Shot by Chris Tanev.
9:52 of 3rd period - Stopped by Al Montoya with a rebound.
9:54 of 3rd period - Shot by Anze Kopitar.
9:54 of 3rd period - Goal by Anze Kopitar - MapleLeafs : 3 - Sharks : 4.
9:55 of 3rd period - Peter Holland wins face-off versus Sean Couturier in neutral zone.
9:55 of 3rd period - Travis Hamonic is hit by Patrick Maroon and loses puck.
10:20 of 3rd period - Shot by Marek Hrivik.
10:20 of 3rd period - Shot Misses the Net.
10:25 of 3rd period - Minor Penalty to Tanner Glass for Roughing.
10:26 of 3rd period - Nazem Kadri wins face-off versus Anze Kopitar in MapleLeafs zone.
11:17 of 3rd period - Ivan Barbashev is hit by Charlie Coyle and loses puck.
11:34 of 3rd period - Shot by Chris Tanev.
11:34 of 3rd period - Shot Blocked by Zach Bogosian.
12:02 of 3rd period - Shot by Mikhail Grigorenko.
12:02 of 3rd period - Stopped by Al Montoya with a rebound.
12:06 of 3rd period - Shot by Anze Kopitar.
12:06 of 3rd period - Shot Hit the Post.
12:08 of 3rd period - Shot by Seth Jones.
12:08 of 3rd period - Shot Misses the Net.
12:10 of 3rd period - Shot by Seth Jones.
12:10 of 3rd period - Shot Misses the Net.
12:12 of 3rd period - Shot by Seth Jones.
12:12 of 3rd period - Shot Misses the Net.
12:50 of 3rd period - Shot by Charlie Coyle.
12:50 of 3rd period - Stopped by Al Montoya without a rebound.
12:51 of 3rd period - Mikhail Grigorenko wins face-off versus Peter Holland in MapleLeafs zone.
12:59 of 3rd period - Tanner Glass is hit by Marc Staal.
14:24 of 3rd period - Shot by Jason Demers.
14:24 of 3rd period - Stopped by Semyon Varlamov without a rebound.
14:25 of 3rd period - Freddie Hamilton wins face-off versus Anze Kopitar in Sharks zone.
14:25 of 3rd period - Freddie Hamilton is hit by Esa Lindell.
14:55 of 3rd period - Shot by Anze Kopitar.
14:55 of 3rd period - Shot Hit the Post.
15:08 of 3rd period - Minor Penalty to Seth Jones for Interference.
15:09 of 3rd period - Ivan Barbashev wins face-off versus Mikhail Grigorenko in Sharks zone.
15:10 of 3rd period - Shot by Karl Alzner.
15:10 of 3rd period - Stopped by Semyon Varlamov without a rebound.
15:11 of 3rd period - Mikhail Grigorenko wins face-off versus Ivan Barbashev in Sharks zone.
15:26 of 3rd period - Shot by Jason Demers.
15:26 of 3rd period - Shot Misses the Net.
15:30 of 3rd period - Shot by Jason Demers.
15:30 of 3rd period - Shot Blocked by Marc Staal.
15:32 of 3rd period - Shot by Ivan Barbashev.
15:32 of 3rd period - Stopped by Semyon Varlamov without a rebound.
15:33 of 3rd period - Charlie Coyle wins face-off versus Nazem Kadri in Sharks zone.
15:54 of 3rd period - Shot by Frederick Gaudreau.
15:54 of 3rd period - Shot Misses the Net.
17:30 of 3rd period - Shot by Tanner Glass.
17:30 of 3rd period - Shot Misses the Net.
17:49 of 3rd period - Icing by Esa Lindell.
17:50 of 3rd period - Anze Kopitar wins face-off versus Ivan Barbashev in Sharks zone.
17:58 of 3rd period - Icing by Zach Bogosian.
17:59 of 3rd period - Sean Couturier wins face-off versus Ivan Barbashev in MapleLeafs zone.
17:59 of 3rd period - Sean Couturier is hit by Zach Bogosian.
18:05 of 3rd period - Shot by Sean Couturier.
18:05 of 3rd period - Stopped by Al Montoya without a rebound.
18:06 of 3rd period - Sean Couturier wins face-off versus Ivan Barbashev in MapleLeafs zone.
18:15 of 3rd period - Shot by Ivan Barbashev.
18:15 of 3rd period - Shot Blocked by Chris Tanev.
18:17 of 3rd period - Shot by Beau Bennett.
18:17 of 3rd period - Goal by Beau Bennett - MapleLeafs : 4 - Sharks : 4.
18:18 of 3rd period - Peter Holland wins face-off versus Nick Bjugstad in neutral zone.
18:23 of 3rd period - Shot by Travis Hamonic.
18:23 of 3rd period - Shot Misses the Net.
18:42 of 3rd period - Shot by Tom Wilson.
18:42 of 3rd period - Shot Misses the Net.
18:44 of 3rd period - Shot by Mark Pysyk.
18:44 of 3rd period - Shot Blocked by Zach Bogosian.
18:46 of 3rd period - Shot by Mark Pysyk.
18:46 of 3rd period - Shot Misses the Net.
18:48 of 3rd period - Shot by Tom Wilson.
18:48 of 3rd period - Stopped by Al Montoya without a rebound.
18:49 of 3rd period - Nazem Kadri wins face-off versus Anze Kopitar in MapleLeafs zone.
19:45 of 3rd period - Icing by Mikko Rantanen.
19:46 of 3rd period - Anze Kopitar wins face-off versus Ivan Barbashev in Sharks zone.
Goals for this period are 1 for MapleLeafs vs 1 for Sharks.
Shots for this period are 9 for MapleLeafs vs 10 for Sharks.

Overtime #1


0:01 of 1st overtime period - Anze Kopitar wins face-off versus Nazem Kadri in neutral zone.
0:16 of 1st overtime period - Shot by Nazem Kadri.
0:16 of 1st overtime period - Stopped by Semyon Varlamov without a rebound.
0:17 of 1st overtime period - Nazem Kadri wins face-off versus Sean Couturier in Sharks zone.
0:24 of 1st overtime period - Shot by Sean Couturier.
0:24 of 1st overtime period - Shot Misses the Net.
0:26 of 1st overtime period - Shot by Anze Kopitar.
0:26 of 1st overtime period - Shot Blocked by Jason Demers.
0:28 of 1st overtime period - Shot by Anze Kopitar.
0:28 of 1st overtime period - Shot Misses the Net.
0:30 of 1st overtime period - Shot by Anze Kopitar.
0:30 of 1st overtime period - Stopped by Al Montoya with a rebound.
0:32 of 1st overtime period - Shot by Anze Kopitar.
0:32 of 1st overtime period - Stopped by Al Montoya with a rebound.
0:44 of 1st overtime period - Shot by Anze Kopitar.
0:44 of 1st overtime period - Shot Misses the Net.
0:46 of 1st overtime period - Shot by Chris Tanev.
0:46 of 1st overtime period - Stopped by Al Montoya without a rebound.
0:47 of 1st overtime period - Charlie Coyle wins face-off versus Ivan Barbashev in MapleLeafs zone.
1:20 of 1st overtime period - Shot by Sam Reinhart.
1:20 of 1st overtime period - Stopped by Al Montoya without a rebound.
1:21 of 1st overtime period - Sean Couturier wins face-off versus Nazem Kadri in MapleLeafs zone.
1:40 of 1st overtime period - Shot by Anze Kopitar.
1:40 of 1st overtime period - Stopped by Al Montoya without a rebound.
1:41 of 1st overtime period - Ivan Barbashev wins face-off versus Anze Kopitar in MapleLeafs zone.
2:47 of 1st overtime period - Shot by Nazem Kadri.
2:47 of 1st overtime period - Stopped by Semyon Varlamov without a rebound.
2:48 of 1st overtime period - Sean Couturier wins face-off versus Peter Holland in Sharks zone.
3:05 of 1st overtime period - Shot by Sean Couturier.
3:05 of 1st overtime period - Shot Blocked by Travis Hamonic.
3:07 of 1st overtime period - Shot by Chris Tanev.
3:07 of 1st overtime period - Shot Blocked by Tanner Glass.
3:09 of 1st overtime period - Shot by Sean Couturier.
3:09 of 1st overtime period - Shot Misses the Net.
3:11 of 1st overtime period - Shot by Sean Couturier.
3:11 of 1st overtime period - Shot Misses the Net.
3:19 of 1st overtime period - Shot by Tanner Glass.
3:19 of 1st overtime period - Stopped by Semyon Varlamov without a rebound.
3:20 of 1st overtime period - Mikko Rantanen wins face-off versus Nazem Kadri in Sharks zone.
3:35 of 1st overtime period - Shot by Patrick Maroon.
3:35 of 1st overtime period - Goal by Patrick Maroon - MapleLeafs : 4 - Sharks : 5.
Goals for this period are 0 for MapleLeafs vs 1 for Sharks.
Shots for this period are 3 for MapleLeafs vs 6 for Sharks.